 Dungeon Crawl Stone Soup version 0.30-a0-1018-g25214051b3 (webtiles) character file.

Game seed: 6198626197133039706

128 Pimp the Ducker (level 4, 0/34 HPs)
             Began as a Demonspawn Gladiator on Apr 7, 2023.
             Slain by an orc priest
             ... wielding a +0 trident
              (2 damage)
             ... on level 3 of the Dungeon.
             The game lasted 00:04:30 (1293 turns).

Pimp the Ducker (Demonspawn Gladiator)              Turns: 1293, Time: 00:04:31

Health: 0/34       AC:  9    Str: 14    XL:     4   Next: 86%
Magic:  5/5        EV: 12    Int: 12    God:
Gold:   104        SH:  0    Dex: 14    Spells: 5/5 levels left

rFire   . . .      SeeInvis .    j - +1 spear (flame)
rCold   . . .      Faith    .    (no shield)
rNeg    . . .      Spirit   .    g - +3 leather armour {rPois}
rPois   +          Reflect  .    (helmet restricted)
rElec   .          Rampage  .    (no cloak)
rCorr   .                        (no gloves)
Will    .....                    h - +2 pair of boots
Stlth   +                        l - amulet of magic regeneration
HPRegen 0.25/turn                (no ring)
MPRegen 0.49/turn                (no ring)

@: no status effects
A: antennae 1, demonic magic 1
a: no special abilities


You were on level 3 of the Dungeon.
You visited 1 branch of the dungeon, and saw 3 of its levels.

You collected 104 gold pieces.

Inventory:

Hand Weapons
 a - a +0 long sword
 j - a +1 spear of flaming (weapon)
 k - a +0 spear of venom
 p - a +2 heavy hand axe
 v - a +0 broad axe
Missiles
 d - 3 throwing nets (quivered)
 e - a javelin
Armour
 b - a +1 leather armour
 c - a +0 helmet
 g - a +3 leather armour of poison resistance (worn)
 h - a +2 pair of boots (worn)
Jewellery
 l - an amulet of magic regeneration (around neck)
 t - a ring of see invisible
 u - a ring of positive energy
Wands
 o - a wand of polymorph (11)
Scrolls
 i - a scroll of enchant weapon
 n - 2 scrolls of teleportation
Potions
 f - a potion of heal wounds
 m - 3 potions of curing
 q - a potion of resistance
 r - a potion of might


   Skills:
 + Level 2.9 Fighting
 - Level 2.8 Long Blades
 + Level 1.4 Polearms
 + Level 2.6 Throwing
 + Level 3.3 Dodging
 + Level 1.3 Spellcasting


You had 5 spell levels left.
You didn't know any spells.
Your spell library contained the following spells:

 Spells                   Type           Power      Damage    Failure   Level
 Foxfire                  Conj/Fire      0%         2x1d4     36%         1
 Magic Dart               Conj           0%         1d3       36%         1
 Call Imp                 Summ           0%         N/A       50%         2
 Mephitic Cloud           Conj/Pois/Air  0%         N/A       75%         3
 Fireball                 Conj/Fire      0%         3d3       100%        5
 Plasma Beam              Fire/Air       0%         2x1d11    100%        6
 Starburst                Conj/Fire      0%         6d3       100%        6


Dungeon Overview and Level Annotations

Branches:
Dungeon (3/15)

Altars:
Dithmenos


Innate Abilities, Weirdness & Mutations

You have a pair of small antennae on your head.
Spells you cast may paralyse adjacent enemies.


Message History

You kill the orc wizard!
You hit the kobold. You burn the kobold.
You kill the kobold!
The orc priest hits you but does no damage.
You hit the orc. You burn the orc.
The orc is moderately wounded.
The orc priest misses you. The orc hits you but does no damage.
You hit the orc. You burn the orc.
The orc is almost dead.
The orc priest mumbles some strange prayers to Beogh against you.
Beogh smites you! The orc hits you with a +0 falchion.
You hit the orc. You burn the orc.
You kill the orc!
The orc priest hits you but does no damage.
You hit the endoplasm. You burn the endoplasm.
The endoplasm is almost dead.
The endoplasm hits you but does no damage.
The orc priest looks braver for a moment.
You barely miss the endoplasm.
The endoplasm is almost dead.
The endoplasm hits you but does no damage.
The orc priest hits you but does no damage.
You barely miss the endoplasm.
The endoplasm is almost dead.
The endoplasm hits you but does no damage.
The orc priest closely misses you.
You hit the endoplasm. You burn the endoplasm.
You kill the endoplasm!
The orc priest hits you from afar with a +0 trident.
The orc priest hits you but does no damage.
Items here: )))) [[ ††.
You hit the orc priest. You burn the orc priest.
The orc priest is moderately wounded.
The orc priest invokes the aid of Beogh against you.
Beogh smites you!
* * * LOW HITPOINT WARNING * * *
You hit the orc priest. You burn the orc priest.
The orc priest is severely wounded.
The orc priest hits you with a +0 trident.
You die...

.# ........ ###.#
###......## ##...
#......... #..######
#........# #.......#
#........# ........#
##........#
#.......#.##.....o..#
........#... #@#
...........# #.#
#.......#..# #.#
........##.# #.#
#.......##.# #.#
#.......##.# #.#
######.....# #.#
###.#.#####.####
#...##.......#


You could see an orc priest.

Vanquished Creatures
  Terence (D:2)
  An orc wizard (D:3)
  3 adders
  A worm (D:2)
  2 dart slugs (D:1)
  4 orcs (D:3)
  2 bats
  4 endoplasms
  2 giant cockroaches
  4 jackals
  2 quokkas
  A ball python (D:1)
  A frilled lizard (D:3)
  5 goblins
  3 kobolds
  4 rats
40 creatures vanquished.

Vanquished Creatures (others)
  6 fungi (D:3)
6 creatures vanquished.

Grand Total: 46 creatures vanquished

Notes
Turn   | Place    | Note
-------+----------+-------------------------------------------
     0 | D:1      | Pimp the Demonspawn Gladiator began the quest for the Orb.
     0 | D:1      | Reached XP level 1. HP: 16/16 MP: 1/1
   250 | D:1      | Gained mutation: Spells you cast may paralyse adjacent
                  | enemies. [demonic ancestry]
   250 | D:1      | Reached XP level 2. HP: 12/22 MP: 2/2
   681 | D:2      | Noticed Terence
   692 | D:2      | Killed Terence
   693 | D:2      | Reached skill level 3 in Dodging
   693 | D:2      | Gained mutation: You have a pair of small antennae on your
                  | head. [demonic ancestry]
   693 | D:2      | Reached XP level 3. HP: 28/28 MP: 3/3
   790 | D:2      | Found a faded altar of an unknown god.
   843 | D:2      | Reached skill level 1 in Polearms
   866 | D:2      | Found a shadowy altar of Dithmenos.
  1012 | D:3      | Reached skill level 1 in Spellcasting
  1012 | D:3      | Reached XP level 4. HP: 34/34 MP: 5/5
  1293 | D:3      | Slain by an orc priest

Illustrated notes

Levels and vault maps discovered:
D:1:      dpeg_arrival_brainrot, layout_rooms
D:2:      layout_basic, basic_altar, ebering_ecumenical_altar_hall,
          minmay_tall_x, uniq_terence
D:3:      layout_rooms, nicolae_uskayaw_dance_hall, dreamdust_mushroom_princess,
          hangedman_decor_growths

Skill      XL: |  1  2  3 |
---------------+----------+-----
Throwing       | 2 |  2.6
Dodging        | 3 |  3.3
Polearms       | 1 |  1.4
Spellcasting   | 1 |  1.3
Fighting       | |  2.9
Long Blades    | |  2.8

Action                     |  1- 3 |  4- 6 || total
---------------------------+-------+-------++-------
  Melee: Long sword        |    21 |       ||    21
         Spear             |    53 |    53 ||   106
         Unarmed           |     6 |       ||     6
         Punch             |     2 |       ||     2
    Use: Scroll            |       |    10 ||    10
         Potion            |       |     1 ||     1
 Armour: Leather armour    |    37 |    25 ||    62
  Dodge: Dodged            |    64 |    30 ||    94

Table legend: (Time is in decaauts)
 A = Elapsed time spent in this place.
 B = Non-inter-level travel time spent in this place.
 C = Inter-level travel time spent in this place.
 D = Time resting spent in this place.
 E = Time spent auto-exploring this place.
 F = Levels seen in this place.
 G = Mean time per level.
                   A        B        C        D        E       F      G
               +--------+--------+--------+--------+--------+-----+--------+
         Total |   1303 |   1276 |     27 |    194 |    716 |   3 |  434.3 |
       Dungeon |   1303 |   1276 |     27 |    194 |    716 |   3 |  434.3 |
               +--------+--------+--------+--------+--------+-----+--------+

Top non-repeatable levels by time:
     D:1: 593 daAuts
     D:2: 413 daAuts
     D:3: 296 daAuts
